 Dungeon Crawl Stone Soup version 0.18-a0-881-g990e6c6 (webtiles) character file.

749557 Proton the Impregnable (level 27, -5/252 (284) HPs)
             Began as a Minotaur Fighter on Dec 21, 2015.
             Was the Champion of the Shining One.
             Splashed with acid (20 damage)
             ... on level 1 of the Pits of Slime on Dec 22, 2015.
             The game lasted 04:03:15 (75093 turns).

Proton the Impregnable (Minotaur Fighter)          Turns: 75093, Time: 04:03:15

HP:   -5/252 (284)  AC: 44    Str: 43    XL:     27
MP:   32/32         EV: 24    Int:  5    God:    the Shining One [******]
Gold: 9995          SH:  0    Dex: 17    Spells: 1 memorised, 23 levels left

rFire  + + +     SeeInvis +     d - +5 eveningstar (holy)
rCold  + . .     Gourm    .     c - +12 gold dragon armour
rNeg   + + +     Faith    .     Q - +5 large shield {AC+3}
rPois  +         Spirit   .     N - +3 crown of Dyrovepreva {rElec Int+2 SInv}
rElec  +         Dismiss  .     G - +1 cloak of Molo {+Fly rElec Regen+ Str+2}
rCorr  .         Reflect  .     P - +0 pair of gloves of Distant Shores {+Fly Str+4}
SustAt .         Harm     .     H - +2 pair of boots {run}
MR     ++...                    x - amulet of Vitality {Regen+ HP+15}
Stlth  ..........               i - ring "Gaonkiut" {rF+ Str+4 Dex+4}
                                L - ring "Zigocef" {rF+ Slay+2 Stlth+}

@: confused, corroded equipment, glowing, quick, very resistant to hostile
enchantments, extremely unstealthy
A: retaliatory headbutt, hooves 2, horns 2, thin metallic scales 1, blurry
vision 1, dopey 1, mutation resistance 1, shaggy fur 1, slow regeneration 1,
strong 1, wild magic 2
a: Divine Shield, Cleansing Flame, Summon Divine Warrior, Brand Weapon With Holy
Wrath, Renounce Religion, Evoke Flight
}: 4/15 runes: serpentine, barnacled, silver, golden


You were on level 1 of the Pits of Slime.
You worshipped the Shining One.
The Shining One was exalted by your worship.
You were not hungry.

You visited 12 branches of the dungeon, and saw 54 of its levels.
You visited 2 bazaars.
You visited 1 ziggurat, and saw 14 of its levels.
You also visited: Trove, Ice Cave, Volcano and Wizlab.

You collected 12391 gold pieces.
You spent 2396 gold pieces at shops.

Inventory:

Hand Weapons
 d - a +5 eveningstar of holy wrath (weapon)
 I - a +9 vampiric demon whip
Armour
 c - a +12 gold dragon armour (worn)
 y - the +5 shield of the Great Game {rElec}
   (You acquired it on level 2 of the Orcish Mines)

   It insulates you from electricity.
 G - the +1 cloak of Molo (worn) {+Fly rElec Regen+ Str+2}
   (You acquired it on level 4 of the Snake Pit)

   It affects your strength (+2).
   It insulates you from electricity.
   It lets you fly.
   It increases your rate of regeneration.
 H - a +2 pair of boots of running (worn)
 N - the +3 crown of Dyrovepreva (worn) {rElec Int+2 SInv}
   (You found it on level 2 of the Depths)

   It affects your intelligence (+2).
   It insulates you from electricity.
   It lets you see invisible.
 P - the +0 pair of gloves of Distant Shores (worn) {+Fly Str+4}
   (Okawaru gifted it to you on level 5 of the Vaults)

   It affects your strength (+4).
   It lets you fly.
 Q - a +5 large shield of protection (worn)
 Y - a +2 cloak of magic resistance
Jewellery
 h - the ring of Tuluub {AC+3 Str+2 Int+5 Dex+2}
   (You found it on level 4 of the Depths)

   [ring of protection]

   It affects your AC (+3).
   It affects your strength (+2).
   It affects your intelligence (+5).
   It affects your dexterity (+2).
 i - the ring "Gaonkiut" (right hand) {rF+ Str+4 Dex+4}
   (You found it on level 4 of a ziggurat)

   [ring of strength]

   It affects your strength (+4).
   It affects your dexterity (+4).
   It protects you from fire.
 x - the amulet of Vitality (around neck) {Regen+ HP+15}
   (You found it on level 3 of the Tomb of the Ancients)

   [amulet of regeneration]

   It affects your health (+15).
   It increases your rate of regeneration.
 D - a +5 amulet of reflection
 L - the ring "Zigocef" (left hand) {rF+ Slay+2 Stlth+}
   (You took it off a frost giant on level 5 of the Vaults)

   [ring of stealth]

   It affects your accuracy and damage with ranged weapons and melee attacks
   (+2).
   It protects you from fire.
   It makes you more stealthy.
Wands
 O - a wand of disintegration (8/24)
 X - a wand of teleportation (7/9)
Scrolls
 a - 13 scrolls of fog
 g - 25 scrolls of remove curse
 k - 5 scrolls of fear
 l - a scroll of blinking
 o - 3 scrolls of identify
 p - 9 scrolls of recharging
 s - 8 scrolls of immolation
 u - 14 scrolls of magic mapping
 v - 12 scrolls of amnesia
 A - 22 scrolls of teleportation
 S - 2 scrolls of silence
 T - a scroll of summoning
 V - a scroll of holy word
 Z - 3 scrolls of brand weapon
Potions
 b - 4 potions of berserk rage
 e - 4 potions of might
 j - 20 potions of curing
 m - 5 potions of cure mutation
 n - 8 potions of brilliance
 q - 4 potions of cancellation
 r - 9 potions of magic
 t - 3 potions of resistance
 w - 14 potions of heal wounds
 z - 7 potions of agility
 B - 9 potions of ambrosia
 E - 11 potions of flight
 F - 5 potions of lignification
 R - 10 potions of haste
Miscellaneous
 J - a phantom mirror
 W - a figurine of a ziggurat
Comestibles
 f - 14 bread rations
 C - 42 fruits
 K - 20 meat rations


   Skills:
 + Level 26.0 Fighting
 + Level 25.6 Maces & Flails
 + Level 26.1 Armour
 + Level 23.9 Dodging
 + Level 26.0 Shields
 - Level 13.4 Invocations


You had 23 spell levels left.
You knew the following spells:

 Your Spells              Type           Power        Failure   Level  Hunger
a - Regeneration          Chrm/Necr      #.........   100%        3    ####...


Dungeon Overview and Level Annotations

Branches:
Dungeon (15/15)            Temple (1/1) D:4            Lair (8/8) D:9
 Shoals (4/4) Lair:4        Snake (4/4) Lair:3        Slime (1/6) Lair:6
    Orc (2/2) D:12            Elf (3/3) Orc:2        Vaults (5/5) D:13
  Crypt (3/3) Vaults:3       Tomb (3/3) Crypt:3      Depths (5/5) D:15
    Zot (0/5) Depths:5

Altars:
Ashenzari
Cheibriados
Dithmenos
Elyvilon
Fedhas
Gozag
Kikubaaqudgha
Makhleb
Nemelex Xobeh
Okawaru
Pakellas
Qazlal
Ru
Sif Muna
Trog
Vehumet
Xom
Yredelemnul
Zin
The Shining One
Beogh
Jiyva

Shops:
D:5 (   D:15 =   Orc:2 :([?   Elf:3 %   Shoals:3 (!}(   Depths:4 =*

Portals:
Hell: Depths:1 Depths:2 Depths:3 Depths:4 Depths:5
Abyss: Depths:4
Pandemonium: Depths:3 Depths:4

Annotations:
Depths:2 exclusion: orange crystal statue


Innate Abilities, Weirdness & Mutations

You reflexively headbutt those who attack you in melee.
You have a pair of horns on your head.
You have hoof-like feet.
You are partially covered in thin metallic scales (AC +2).
Scrolls take you a little longer to read.
You are dopey. (Int -2)
You are somewhat resistant to further mutation.
You are covered in fur (AC +1).
You regenerate slowly when monsters are visible.
Your muscles are strong. (Str +2)
Your spells are harder to cast, but more powerful.


Message History

* * * LOW HITPOINT WARNING * * *
The slime creature misses you. The enormous slime creature hits you!!!
The Shining One protects you from harm!
The slime creature hits you but does no damage.
The golden eye blinks at you. You resist with some effort.
You stick the slime creature like a pincushion!!!
You kill the slime creature!
The walls burn you!
* * * LOW HITPOINT WARNING * * *
The golden eye blinks at you.
You are more confused.
You bump into the slime covered rock wall.
The walls burn you!
* * * LOW HITPOINT WARNING * * *
The enormous slime creature hits you but does no damage.
The slime creature closely misses you.
You bump into the slime covered rock wall.
The walls burn you!
You die...

#.............ยง.#..#
#......>......<.....
#.................#
###................
##..................
#.G.................
##.#...........#....
#..GJ.#.............
#..@J##.............
##.###..............
## #.......#.#...>.
##.......##....
###.#..... #.#....


You could see an enormous slime creature, a slime creature and 2 golden eyes.

Vanquished Creatures
  Khufu (Tomb:2)
  Mennas (Tomb:1)
  4 ancient liches
  30 greater mummies
  Sojobo (Depths:1)
  Frederick (Depths:4)
  Norris (Snake:4)
  Saint Roka (Orc:2)
  A caustic shrike (Depths:4)
  A curse toe (Crypt:3)
  8 golden dragons
  A bone dragon (Crypt:3)
  3 tentacled monstrosities
  7 liches
  A Cloud Mage (WizLab)
  2 pandemonium lords
  14 titans
  8 deep elf blademasters
  5 deep elf master archers
  2 quicksilver dragons (Zig:11)
  Polyphemus (Shoals:3)
  3 acid blobs
  A kraken (Shoals:2)
  3 thorn hunters (Zig:13)
  9 sphinxes
  A tentacled starspawn (Zig:1)
  A quicksilver dragon (shapeshifter) (Vaults:5)
  8 ancient champions
  4 storm dragons
  Kirke (Shoals:1)
  Agnes (D:15)
  6 shadow dragons
  A draconian monk (Depths:5)
  Roxanne (D:15)
  12 greater nagas
  6 tengu reavers
  Ilsuiw (Shoals:4)
  A frost giant (shapeshifter) (Depths:5)
  16 fire giants
  2 revenants
  24 frost giants
  2 orc warlords (Depths:5)
  16 vault wardens
  5 iron dragons
  Aizul (Snake:2)
  4 ghost moths (Zig:9)
  10 deep elf sorcerers
  A draconian zealot (Depths:5)
  Maud (D:11)
  A caustic shrike zombie (Depths:3)
  A juggernaut zombie (Depths:2)
  6 curse skulls
  9 large abominations
  A spriggan defender (Depths:3)
  4 deep elf elementalists (Elf:3)
  29 stone giants
  Louise (Shoals:3)
  3 reapers
  6 ghouls
  12 ironheart preservers
  9 very ugly things
  2 war gargoyles
  2 juggernaut skeletons (Depths:3)
  2 green draconians (Crypt:2)
  10 bennus
  Nessos (D:15)
  3 salamander stormcallers
  A black draconian (Depths:5)
  4 deep elf demonologists
  8 deep elf annihilators
  4 mottled draconians
  6 vampire knights
  3 red draconians
  4 purple draconians
  3 yellow draconians
  3 white draconians (Depths:5)
  9 spark wasps
  2 small abominations (Vaults:4)
  A green death (Zig:13)
  20 ettins
  5 eidola
  2 merfolk javelineers (Shoals:4)
  24 mummy priests
  10 deep elf death magi
  15 yaktaur captains
  23 jiangshi
  Erolcha (D:8)
  Josephine (Lair:8)
  51 vault guards
  7 merfolk impalers
  11 fire dragons
  5 rakshasas
  4 deep elf high priests
  6 entropy weavers
  11 hydras
  Harold (D:11)
  4 great orbs of eyes
  22 naga warriors
  13 ice dragons
  3 death knights
  A hell beast (Depths:4)
  A spriggan air mage (Depths:3)
  A monstrous demonspawn (Depths:4)
  2 quicksilver dragon skeletons
  Erica (D:9)
  10 centaur warriors
  3 merfolk avatars
  6 anacondas
  An alligator snapping turtle (Shoals:4)
  A satyr (Shoals:3)
  33 dancing weapons
  3 catoblepae
  8 merfolk aquamancers
  3 alligators (Zig:13)
  4 tengu warriors
  14 death yaks
  18 ogre magi
  5 deep troll earth magi
  5 orc high priests
  8 deep troll shamans
  7 naga sharpshooters
  2 spriggan berserkers
  6 vampire magi
  A hell hog (shapeshifter) (Vaults:4)
  A titan zombie (Depths:3)
  15 hell knights
  26 deep elf knights
  4 titan skeletons
  Nergalle (D:12)
  4 storm dragon zombies
  6 shock serpents
  A fire crab (shapeshifter) (Depths:1)
  50 skeletal warriors
  3 fire crabs
  3 soul eaters
  An unseen horror (shapeshifter) (D:15)
  A wizard (Depths:1)
  4 unseen horrors
  103 death scarabs
  2 iron trolls (Depths:2)
  A deep troll (shapeshifter) (Depths:1)
  2 storm dragon skeletons
  8 shadow wraiths
  21 deep trolls
  7 flayed ghosts
  A golden dragon zombie (Depths:3)
  11 giant orange brains
  2 spriggan druids (Zig:13)
  4 salamander mystics
  3 death drakes
  8 naga ritualists
  5 swamp dragons
  A spectral hydra (Depths:2)
  16 harpies
  13 phantasmal warriors
  A lindwurm (shapeshifter) (Vaults:3)
  22 sea snakes
  Pikel (D:4)
  A mana viper (shapeshifter) (Elf:1)
  An anubis guard (shapeshifter) (Vaults:5)
  23 deep elf archers
  An orange crystal statue (Depths:2)
  16 anubis guards
  A hill giant (shapeshifter) (Depths:5)
  15 orc knights
  10 hill giants
  A golden dragon skeleton (Crypt:3)
  17 mana vipers
  2 tengu zombies (Depths:3)
  A wolf spider zombie (D:14)
  A sphinx zombie (Depths:3)
  8 necromancers
  9 cyclopes
  2 orb spiders (Zig:9)
  2 shining eyes (Slime:1)
  5 oklob plants (Zig:6)
  78 deep elf magi
  A harpy (shapeshifter) (Depths:3)
  6 statues (Volcano)
  15 ironbrand convokers
  16 manticores
  2 shadow dragon skeletons (Depths:3)
  A tengu skeleton (Depths:3)
  3 orc sorcerers
  8 wolf spiders
  5 hornets
  A stone giant zombie (Depths:2)
  A manticore (shapeshifter) (Vaults:3)
  55 ugly things
  7 fauns
  A fire giant zombie (Tomb:3)
  7 water nymphs
  9 elephants
  34 black mambas
  4 fire giant skeletons
  A black mamba (shapeshifter) (Depths:3)
  3 centaur zombies (D:15)
  An ice statue (IceCv)
  12 griffons
  21 salamanders
  4 frost giant skeletons
  2 moths of wrath (Zig:4)
  An octopode (shapeshifter) (Depths:1)
  14 vault sentinels
  11 sirens
  5 gargoyles
  2 spriggan zombies
  Psyche (D:8)
  16 spiny frogs
  A torpor snail (shapeshifter) (Depths:4)
  2 dire elephant skeletons (Crypt:3)
  4 molten gargoyles
  A sixfirhy (Depths:4)
  16 naga magi
  An orange demon (Depths:4)
  A spriggan skeleton (Depths:3)
  11 guardian serpents
  A grey draconian zombie (Crypt:2)
  A hellion (Depths:5)
  2 kobold demonologists
  A pale draconian zombie (Crypt:1)
  A yaktaur (shapeshifter) (Vaults:1)
  2 demonic crawlers (Zig:9)
  5 tengu conjurers
  5 fire drakes
  2 hellwings (Depths:5)
  A catoblepas skeleton (Tomb:1)
  3 spectral merfolk (Depths:2)
  35 yaktaurs
  11 komodo dragons
  38 guardian mummies
  16 polar bears
  Prince Ribbit (D:6)
  A red devil (Depths:5)
  31 merfolk
  30 two-headed ogres
  An iron troll skeleton (Crypt:2)
  A queen bee (shapeshifter) (D:13)
  A giant leech (shapeshifter) (Vaults:3)
  A polar bear (shapeshifter) (Vaults:2)
  6 freezing wraiths
  A griffon zombie (Crypt:2)
  A minotaur skeleton (Crypt:1)
  11 ushabtiu
  3 giant leeches (Zig:13)
  2 harpy skeletons
  15 trolls
  14 blink frogs
  2 bog bodies (Crypt:2)
  2 raiju (Depths:2)
  11 snapping turtles
  13 wind drakes
  3 jumping spiders
  An ettin zombie (Tomb:1)
  6 vampires
  A shadow dragon simulacrum (Tomb:2)
  5 shadows
  A black mamba zombie (Crypt:1)
  10 boulder beetles
  A trapdoor spider (shapeshifter) (Vaults:3)
  34 air elementals
  4 trapdoor spiders
  20 redbacks
  25 slime creatures
  4 ettin skeletons
  A fire dragon skeleton (Crypt:3)
  A spriggan (shapeshifter) (Vaults:1)
  36 flying skulls
  22 wraiths
  7 hogs
  37 yaks
  An elf skeleton (Depths:3)
  19 water elementals
  A wyvern (D:9)
  An alligator skeleton (Crypt:3)
  5 fire bats (Volcano)
  A ynoxinul (Depths:4)
  3 steam dragons
  2 tarantellas
  A black mamba skeleton (Crypt:3)
  2 golden eyes
  4 spriggans
  5 basilisks
  4 fire elementals
  2 hungry ghosts
  13 hippogriffs
  Grum (D:9)
  18 vampire mosquitoes
  A soldier ant (shapeshifter) (Vaults:2)
  7 wargs
  24 wolves
  16 insubstantial wisps (WizLab)
  A soldier ant (D:13)
  56 nagas
  A merfolk skeleton (Crypt:3)
  6 mottled dragons
  Duvessa (D:4)
  7 water moccasins
  2 spectral spriggans (Depths:2)
  2 spectral trolls (Depths:2)
  2 hydra simulacra (Depths:2)
  An eye of draining (shapeshifter) (Vaults:1)
  11 porcupines
  A black bear (D:11)
  8 hell hounds (Depths:2)
  5 phantoms
  2 eyes of draining
  5 sky beasts
  A spiny frog skeleton (Tomb:1)
  4 swamp drakes
  2 human zombies
  68 orc warriors
  8 wasps
  21 boggarts
  12 ice beasts
  8 necrophages
  An ice beast (shapeshifter) (Vaults:3)
  An elf simulacrum (Depths:3)
  A snapping turtle skeleton (Crypt:3)
  3 human skeletons
  A manticore skeleton (Crypt:3)
  61 ogres
  An octopode zombie (Crypt:3)
  14 centaurs
  19 crocodiles
  6 big kobolds
  A gnoll sergeant (D:6)
  A merfolk simulacrum (Depths:2)
  24 giant frogs
  2 earth elementals (Elf:3)
  A vine stalker skeleton (Crypt:3)
  A water moccasin zombie (D:9)
  Dowan (D:4)
  A queen bee zombie (Crypt:3)
  2 spectral ogres (Depths:2)
  13 killer bees
  A troll skeleton (Tomb:2)
  9 jellies
  A spectral naga (Depths:2)
  28 wights
  An electric eel (Elf:3)
  4 lava snakes (Volcano)
  3 crimson imps
  3 quasits
  2 giant frog zombies
  2 iron imps (Depths:4)
  15 iguanas
  24 orc priests
  5 giant frog skeletons
  13 worker ants
  6 centaur skeletons
  A human simulacrum (Vaults:1)
  5 hounds
  An iguana (shapeshifter) (D:15)
  27 orc wizards
  33 sheep
  3 polar bear simulacra (Lair:2)
  3 wolf simulacra (Lair:2)
  6 ogre zombies (D:12)
  A deep dwarf zombie (Crypt:3)
  An ogre skeleton (Crypt:1)
  A dwarf skeleton (Crypt:1)
  A hound zombie (D:9)
  A hound skeleton (Crypt:3)
  51 mummies
  Natasha (twice) (D:4)
  11 gnolls
  55 river rats
  16 adders
  A naga simulacrum (Depths:2)
  3 shadow imps
  A white imp (Depths:4)
  A giant eyeball (Depths:2)
  2 ufetubi (Depths:4)
  An ooze (D:6)
  2 adder zombies
  An iguana zombie (Crypt:1)
  3 adder skeletons (D:4)
  3 worms
  116 orcs
  A ball python (D:3)
  7 hobgoblins
  9 jackals
  5 quokkas
  A river rat zombie (Crypt:2)
  2 ball python skeletons (Crypt:3)
  14 bats
  4 giant cockroaches
  5 giant geckos
  A giant gecko skeleton (D:4)
  A giant gecko zombie (D:6)
  5 giant newts
  A giant newt skeleton (Crypt:1)
  A gnoll zombie (Crypt:1)
  3 goblins
  A goblin skeleton (D:12)
  4 goblin zombies (D:12)
  A jackal skeleton (D:5)
  A jackal zombie (D:6)
  21 kobolds
  3 orc skeletons (D:12)
  11 orc zombies (D:12)
  A quokka zombie (D:9)
  22 rats
  5 river rat simulacra (Lair:2)
  A briar patch (Zig:13)
  A bush (D:9)
  4 fungi
  2 plants
  2 tentacles (Shoals:2)
3244 creatures vanquished.

Vanquished Creatures (collateral kills)
  A greater mummy (Tomb:1)
  3 sphinxes (Tomb:1)
  A mummy (Tomb:1)
5 creatures vanquished.

Vanquished Creatures (others)
  A titan (Zig:10)
  2 deep elf master archers (Elf:3)
  An ancient champion (Tomb:2)
  An eldritch tentacle (Tomb:3)
  A sphinx (Tomb:1)
  2 stone giants
  2 bennus (Tomb:2)
  An ettin (Zig:10)
  2 merfolk javelineers (Shoals:4)
  2 yaktaur captains
  A hydra (Zig:13)
  A rakshasa (Depths:2)
  A centaur warrior (D:15)
  A satyr (Shoals:4)
  A naga sharpshooter (Snake:3)
  A shadow wraith (Vaults:3)
  A deep elf knight (Elf:1)
  A storm dragon skeleton (Tomb:2)
  6 deep elf archers
  A golden dragon skeleton (Tomb:2)
  A deep elf mage (Elf:1)
  A manticore (Shoals:4)
  A cyclops (Shoals:4)
  An ugly thing (Vaults:1)
  2 fauns (Shoals:3)
  8 yaktaurs
  A molten gargoyle (D:13)
  A dire elephant skeleton (Tomb:2)
  A harpy skeleton (Tomb:3)
  A spriggan (Zig:13)
  20 flying skulls
  A water elemental (Shoals:3)
  A swamp worm (shapeshifter) (Vaults:1)
  A swamp drake (Zig:11)
  An orc warrior (Vaults:4)
  3 centaurs
  A boggart (D:15)
  5 ogres
  An orc priest (D:4)
  Natasha (D:4)
  2 mummies (Tomb:2)
  A gnoll (D:4)
  An orc (D:4)
  3 jackals (D:4)
  A quokka (D:4)
  A giant gecko (D:4)
  10 briar patches (Zig:13)
  2 crawling corpses (Vaults:5)
  82 eldritch tentacle segments (Tomb:3)
  13 fungi
  10 lost souls
  31 plants
  2 starspawn tentacles (Zig:1)
  3 tentacles (Shoals:2)
  70 tentacle segments (Shoals:2)
315 creatures vanquished.

Grand Total: 3564 creatures vanquished

Notes
Turn   | Place    | Note
--------------------------------------------------------------
     0 | D:1      | Proton the Minotaur Fighter began the quest for the Orb.
     0 | D:1      | Reached XP level 1. HP: 19/19 MP: 0/0
   263 | D:1      | Reached XP level 2. HP: 27/27 MP: 1/1
   658 | D:1      | Reached skill level 4 in Fighting
   971 | D:2      | Reached skill level 1 in Dodging
   971 | D:2      | Reached XP level 3. HP: 33/33 MP: 2/2
  1083 | D:2      | Found a radiant altar of Vehumet.
  1572 | D:3      | Found an oddly glowing altar of Pakellas.
  1605 | D:3      | Reached XP level 4. HP: 37/40 MP: 3/3
  1832 | D:3      | Found a shimmering altar of Xom.
  2165 | D:4      | Reached XP level 5. HP: 40/47 MP: 4/4
  2199 | D:4      | Found a glowing golden altar of the Shining One.
  2416 | D:4      | Reached skill level 5 in Fighting
  2437 | D:4      | Noticed a slave
  2438 | D:4      | Noticed Pikel
  2438 | D:4      | Noticed a slave
  2438 | D:4      | Paralysed by Pikel for 2 turns
  2439 | D:4      | Noticed a slave
  2440 | D:4      | Noticed a slave
  2479 | D:4      | Killed Pikel
  2479 | D:4      | Reached skill level 5 in Maces & Flails
  2479 | D:4      | Reached skill level 5 in Armour
  2479 | D:4      | Reached skill level 5 in Shields
  2479 | D:4      | Reached XP level 6. HP: 30/57 MP: 5/5
  2479 | D:4      | Reached XP level 7. HP: 32/62 MP: 6/6
  2591 | D:4      | Killed Natasha
  2648 | D:4      | Found a shadowy altar of Dithmenos.
  2762 | D:4      | Found a staircase to the Ecumenical Temple.
  2774 | Temple   | Entered the Ecumenical Temple
  2946 | D:4      | Noticed Natasha
  2972 | D:4      | Killed Natasha
  2972 | D:4      | Reached skill level 6 in Shields
  3067 | D:4      | Noticed Duvessa
  3068 | D:4      | Noticed Dowan
  3085 | D:4      | Killed Duvessa
  3088 | D:4      | Killed Dowan
  3247 | D:5      | Entered Level 5 of the Dungeon
  3266 | D:5      | Found Waimpeo's Weapon Boutique.
  3513 | D:5      | Reached XP level 8. HP: 70/70 MP: 7/7
  4303 | D:6      | Found an iron altar of Okawaru.
  4335 | D:6      | Became a worshipper of Warmaster Okawaru
  4345 | D:6      | Reached skill level 7 in Shields
  4667 | D:6      | Found a bloodstained altar of Trog.
  4700 | D:6      | Found a sparkling altar of Nemelex Xobeh.
  4754 | D:6      | Found a white marble altar of Elyvilon.
  4757 | D:6      | Noticed Prince Ribbit
  4997 | D:7      | Reached skill level 5 in Dodging
  5227 | D:6      | Killed Prince Ribbit
  5227 | D:6      | Reached * piety under Okawaru
  5227 | D:6      | Reached skill level 1 in Invocations
  5227 | D:6      | Reached XP level 9. HP: 55/79 MP: 8/8
  5411 | D:6      | You fall through a shaft for 3 floors!
  5573 | D:7      | Reached ** piety under Okawaru
  5854 | D:8      | Noticed Erolcha
  5869 | D:8      | Killed Erolcha
  5869 | D:8      | Reached *** piety under Okawaru
  5869 | D:8      | Reached skill level 8 in Fighting
  6139 | D:8      | Noticed Psyche
  6149 | D:8      | Killed Psyche
  6149 | D:8      | Reached XP level 10. HP: 88/90 MP: 8/11
  6953 | D:8      | Found a burning altar of Makhleb.
  6953 | D:8      | Noticed a cacodemon
  6989 | D:8      | Reached **** piety under Okawaru
  7272 | D:9      | Noticed a centaur warrior
  7292 | D:9      | Found a snail-covered altar of Cheibriados.
  7332 | D:8      | Reached skill level 9 in Fighting
  7728 | D:9      | Noticed Grum
  7762 | D:9      | Killed Grum
  7770 | D:9      | Gained mutation: You have a pair of large horns on your head. [potion of mutation]
  7770 | D:9      | Gained mutation: You are agile. (Dex +2) [potion of mutation]
  7770 | D:9      | Gained mutation: Your spells are a little harder to cast, but a little more powerful. [potion of mutation]
  7936 | D:9      | Reached ***** piety under Okawaru
  8257 | D:9      | Killed a centaur warrior
  8257 | D:9      | Reached XP level 11. HP: 55/97 MP: 13/13
  8401 | D:9      | Reached skill level 5 in Invocations
  8405 | D:9      | Gained mutation: Your muscles are strong. (Str +2) [mutagenic meat]
  8406 | D:9      | Gained mutation: Your body sometimes deteriorates upon taking damage. [mutagenic meat]
  8644 | D:9      | Found a blossoming altar of Fedhas.
  8691 | D:9      | Noticed Erica
  8720 | D:9      | Killed Erica
  9002 | D:9      | Found a shattered altar of Ashenzari.
  9098 | D:9      | Found a staircase to the Lair.
  9461 | D:10     | Entered Level 10 of the Dungeon
  9482 | D:10     | Noticed a hill giant
  9489 | D:10     | Killed a hill giant
  9489 | D:10     | Reached skill level 10 in Fighting
 10202 | D:11     | Noticed Harold
 10238 | D:11     | Killed Harold
 10238 | D:11     | Reached skill level 10 in Shields
 10513 | D:12     | Reached skill level 10 in Maces & Flails
 10519 | D:12     | Noticed a hill giant
 10529 | D:12     | Killed a hill giant
 10529 | D:12     | Reached skill level 10 in Armour
 10536 | D:12     | Received a gift from Okawaru
 10780 | D:11     | Noticed a hill giant
 10785 | D:11     | Killed a hill giant
 10792 | D:11     | Noticed an eight-headed hydra
 10816 | D:11     | Killed a five-headed hydra
 10851 | D:11     | Noticed a catoblepas
 10987 | D:12     | Found a staircase to the Orcish Mines.
 11018 | D:12     | Got a translucent leather armour
 11029 | D:12     | Identified the cursed +0 leather armour of Objectivity {+Blink rPois Dex+4 SInv} (You found it on level 12 of the Dungeon)
 11141 | D:12     | Reached XP level 12. HP: 103/108 MP: 15/15
 11162 | D:12     | Gained mutation: Potions and wands are less effective at restoring your health. [mutagenic meat]
 11163 | D:12     | Gained mutation: You have an increased reservoir of magic (+10% MP). [mutagenic meat]
 11207 | D:12     | Noticed a centaur warrior
 11216 | D:12     | Killed a centaur warrior
 12088 | D:11     | Reached skill level 11 in Fighting
 12134 | D:11     | Found a runed door.
 12193 | D:11     | Noticed an ogre mage
 12207 | D:11     | Killed an ogre mage
 12223 | D:11     | Received a gift from Okawaru
 12532 | D:11     | Noticed Maud
 12615 | D:11     | Killed Maud
 12934 | D:11     | Gained mutation: You expend magic power (3 MP) to strengthen your wands. [potion of mutation]
 12934 | D:11     | Gained mutation: You have large cloven feet. [potion of mutation]
 12935 | D:11     | Lost mutation: You are agile. (Dex +2) [potion of mutation]
 12935 | D:11     | Gained mutation: You have a somewhat thin skeletal structure (Dex +2, Stealth). [potion of mutation]
 12974 | D:11     | Killed a catoblepas
 13798 | D:11     | Reached skill level 10 in Dodging
 13810 | D:11     | Reached ****** piety under Okawaru
 13926 | D:11     | Noticed a sphinx
 13933 | D:11     | Killed a sphinx
 13933 | D:11     | Received a gift from Okawaru
 13933 | D:11     | Reached XP level 13. HP: 96/117 MP: 15/18
 13952 | D:11     | Got an ichor-stained hand axe
 13953 | D:11     | Identified the cursed +0 hand axe "Yciqom" {pain, Fragile rC- Str+10 Dex+3} (You found it on level 11 of the Dungeon)
 14032 | D:11     | Reached skill level 12 in Fighting
 14069 | D:12     | Lost mutation: You expend magic power (3 MP) to strengthen your wands. [mutagenic meat]
 14071 | D:12     | Gained mutation: You have hoof-like feet. [mutagenic meat]
 14072 | D:12     | Lost mutation: Your body sometimes deteriorates upon taking damage. [mutagenic meat]
 14249 | D:13     | Found a gate to the Vaults.
 14283 | D:13     | Received a gift from Okawaru
 14842 | D:14     | Gained mutation: You are dopey. (Int -2) [mutagenic meat]
 15129 | D:14     | Gained mutation: Your spells are harder to cast, but more powerful. [mutagenic meat]
 15308 | D:14     | Found a sacrificial altar of Ru.
 16121 | D:14     | Reached skill level 13 in Shields
 16244 | D:14     | Found an oddly glowing altar of Pakellas.
 16487 | D:15     | Entered Level 15 of the Dungeon
 16524 | D:15     | Found a radiant altar of Vehumet.
 16538 | D:15     | Noticed Roxanne
 16814 | D:15     | Killed Roxanne
 16814 | D:15     | Reached XP level 14. HP: 98/129 MP: 17/19
 17142 | D:15     | Noticed Nessos
 17157 | D:15     | Killed Nessos
 17207 | D:15     | Lost mutation: Your spells are harder to cast, but more powerful. [mutagenic meat]
 17208 | D:15     | Gained mutation: You tend to lose your temper in combat. [mutagenic meat]
 17210 | D:15     | Lost mutation: You have a somewhat thin skeletal structure (Dex +2, Stealth). [mutagenic meat]
 17214 | D:15     | Found Hajary's Jewellery Emporium.
 17219 | D:15     | Noticed Agnes
 17234 | D:15     | Killed Agnes
 17234 | D:15     | Received a gift from Okawaru
 18286 | D:15     | Received a gift from Okawaru
 18452 | D:15     | Found a staircase to the Depths.
 18690 | Lair:1   | Entered Level 1 of the Lair of Beasts
 18700 | Lair:1   | Found a dark tunnel.
 18711 | Volcano  | Entered a volcano
 19090 | Volcano  | Found a radiant altar of Vehumet.
 19106 | Volcano  | Reached skill level 14 in Shields
 21027 | Lair:3   | Found a staircase to the Snake Pit.
 21163 | Lair:3   | Reached XP level 15. HP: 128/138 MP: 20/20
 22264 | Lair:4   | Received a gift from Okawaru
 22265 | Lair:4   | Got a steaming ring mail {god gift}
 22400 | Lair:4   | Identified the +3 ring mail of Spite {rF+ Int+5 SInv} (Okawaru gifted it to you on level 4 of the Lair of Beasts)
 23212 | Lair:4   | Found a staircase to the Shoals.
 23645 | Lair:5   | Identified a scroll of acquirement
 24437 | Lair:6   | Found a frozen archway.
 24446 | IceCv    | Entered an ice cave
 24572 | IceCv    | Received a gift from Okawaru
 24573 | IceCv    | Got a shimmering morningstar {god gift}
 24582 | IceCv    | Identified the +1 morningstar of the Orcish Mines {antimagic, Str+2} (Okawaru gifted it to you in an ice cave)
 24781 | IceCv    | Reached skill level 15 in Shields
 25098 | IceCv    | Identified the Papyrus of Ashen Evil
 25765 | Lair:6   | Found a viscous altar of Jiyva.
 25765 | Lair:6   | Found a staircase to the Slime Pits.
 25835 | Lair:7   | Found a sacrificial altar of Ru.
 26176 | Lair:7   | Reached skill level 15 in Armour
 26364 | Lair:8   | Entered Level 8 of the Lair of Beasts
 26373 | Lair:8   | Reached skill level 15 in Fighting
 26553 | Lair:8   | Received a gift from Okawaru
 26570 | Lair:8   | Got a transparent hunting sling {god gift}
 26993 | Lair:8   | Reached XP level 16. HP: 141/149 MP: 7/22
 27257 | Lair:8   | Noticed Josephine
 27266 | Lair:8   | Killed Josephine
 27266 | Lair:8   | Reached skill level 15 in Maces & Flails
 27864 | D:12     | Noticed Nergalle
 27872 | D:12     | Killed Nergalle
 27881 | Orc:1    | Entered Level 1 of the Orcish Mines
 27932 | Orc:1    | Found a roughly hewn altar of Beogh.
 28258 | Orc:2    | Entered Level 2 of the Orcish Mines
 28311 | Orc:2    | Found a flickering gateway to a bazaar.
 28440 | Orc:2    | Found a roughly hewn altar of Beogh.
 28464 | Orc:2    | Found Maucef's Magic Scroll Shoppe.
 28577 | Orc:2    | Found a staircase to the Elven Halls.
 28594 | Bazaar   | Entered a bazaar
 28594 | Bazaar   | Found Avemiuw's Weapon Boutique.
 28835 | Bazaar   | Found Wautal's Food Boutique.
 28839 | Bazaar   | Found Fohech's Jewellery Shoppe.
 28842 | Bazaar   | Found Zezyo's Food Boutique.
 28850 | Bazaar   | Found Xirecaja's General Store.
 28881 | Bazaar   | Bought the ring of Xyrergh {AC+4 Str+2 Int+3} for 642 gold pieces
 28906 | Orc:2    | Found a roughly hewn altar of Beogh.
 29183 | Orc:2    | Noticed Saint Roka
 29343 | Orc:2    | Received a gift from Okawaru
 29362 | Orc:2    | Got a steaming shield
 29374 | Orc:2    | Identified the +5 shield of the Great Game {rElec} (You acquired it on level 2 of the Orcish Mines)
 29469 | Orc:2    | Found a roughly hewn altar of Beogh.
 29623 | Orc:2    | Found a roughly hewn altar of Beogh.
 29624 | Orc:2    | Found Ycaotoexa's Book Emporium.
 29756 | Orc:2    | Found a roughly hewn altar of Beogh.
 29829 | Orc:2    | Bought a scroll of magic mapping for 56 gold pieces
 29829 | Orc:2    | Bought a scroll of teleportation for 48 gold pieces
 29829 | Orc:2    | Bought a scroll of fog for 32 gold pieces
 29896 | Orc:2    | Found a roughly hewn altar of Beogh.
 29969 | Orc:2    | Killed Saint Roka
 29978 | Orc:2    | Found Unashra's Antique Weapon Shoppe.
 29979 | Orc:2    | Found a roughly hewn altar of Beogh.
 29996 | Orc:2    | Found Heuzecea's Antique Armour Emporium.
 30389 | Snake:1  | Entered Level 1 of the Snake Pit
 30579 | Snake:1  | Got a wavering granite ring
 30625 | Snake:1  | Identified the ring "Jadogg" {Ice Dex+2} (You found it on level 1 of the Snake Pit)
 31037 | Snake:2  | Reached skill level 16 in Shields
 31140 | Snake:2  | Lost mutation: Your muscles are strong. (Str +2) [mutagenic meat]
 31141 | Snake:2  | Gained mutation: Your body sometimes deteriorates upon taking damage. [mutagenic meat]
 31142 | Snake:2  | Gained mutation: You are clumsy. (Dex -2) [mutagenic meat]
 31143 | Snake:2  | Gained mutation: You are robust (+10% HP). [mutagenic meat]
 31431 | Snake:2  | Noticed Aizul
 31488 | Snake:2  | Killed Aizul
 31488 | Snake:2  | Received a gift from Okawaru
 31489 | Snake:2  | Got a brightly glowing morningstar {god gift}
 31745 | Snake:2  | Identified the +4 morningstar of Malaise {drain, +Fly} (Okawaru gifted it to you on level 2 of the Snake Pit)
 32056 | Snake:3  | Reached XP level 17. HP: 173/173 MP: 23/23
 32667 | Snake:3  | Received a gift from Okawaru
 32857 | Snake:3  | Found a sparkling altar of Nemelex Xobeh.
 33032 | Snake:4  | Entered Level 4 of the Snake Pit
 33123 | Snake:4  | Noticed Norris
 33134 | Snake:4  | Paralysed by Norris for 7 turns
 33150 | Snake:4  | Paralysed by something for 3 turns
 33162 | Snake:4  | Killed Norris
 33381 | Snake:4  | Reached skill level 17 in Shields
 33385 | Snake:4  | Gained mutation: You are partially covered in thin metallic scales (AC +2). [mutagenic meat]
 33386 | Snake:4  | Lost mutation: You have a pair of large horns on your head. [mutagenic meat]
 33387 | Snake:4  | Gained mutation: You are partially covered in icy blue scales (AC +1). [mutagenic meat]
 33388 | Snake:4  | Lost mutation: You are clumsy. (Dex -2) [mutagenic meat]
 33390 | Snake:4  | Lost mutation: You are robust (+10% HP). [mutagenic meat]
 33514 | Snake:4  | Found a shadowy altar of Dithmenos.
 33699 | Snake:4  | Got a crude iron amulet
 33726 | Snake:4  | Identified the amulet "Woricatuci" {Faith rElec Int+4 Dex-2} (You found it on level 4 of the Snake Pit)
 33781 | Snake:4  | Got a jewelled cloak
 33824 | Snake:4  | Reached skill level 15 in Dodging
 33844 | Snake:4  | Received a gift from Okawaru
 33854 | Snake:4  | Lost mutation: You have an increased reservoir of magic (+10% MP). [mutagenic meat]
 33855 | Snake:4  | Gained mutation: You are weak. (Str -2) [mutagenic meat]
 33858 | Snake:4  | Lost mutation: You tend to lose your temper in combat. [mutagenic meat]
 33921 | Snake:4  | Identified the +1 cloak of Molo {+Fly rElec Regen+ Str+2} (You acquired it on level 4 of the Snake Pit)
 34075 | Snake:4  | Reached XP level 18. HP: 169/169 MP: 21/21
 34373 | Snake:4  | Got a serpentine rune of Zot
 34565 | Shoals:1 | Entered Level 1 of the Shoals
 34607 | Shoals:1 | Received a gift from Okawaru
 34608 | Shoals:1 | Got a faintly glowing chain mail {god gift}
 34624 | Shoals:1 | Identified the +6 chain mail of Okawaru's Outrage {*Confuse rF++ SInv} (Okawaru gifted it to you on level 1 of the Shoals)
 34695 | Shoals:1 | Learned a level 3 spell: Regeneration
 34844 | Shoals:1 | Noticed Kirke
 35107 | Shoals:1 | Killed Kirke
 35968 | Shoals:2 | Got a twisted hand axe
 36399 | Shoals:3 | Found Quhinn's Weapon Boutique.
 36439 | Shoals:3 | Found Buyl's Distillery.
 36457 | Shoals:3 | Bought a potion of heal wounds for 95 gold pieces
 36457 | Shoals:3 | Bought a potion of mutation for 47 gold pieces
 36457 | Shoals:3 | Bought a potion of heal wounds for 95 gold pieces
 36457 | Shoals:3 | Lost mutation: You are weak. (Str -2) [potion of mutation]
 36457 | Shoals:3 | Lost mutation: Potions and wands are less effective at restoring your health. [potion of mutation]
 36487 | Shoals:3 | Noticed Polyphemus
 36542 | Shoals:3 | Killed Polyphemus
 36601 | Shoals:3 | Noticed Louise
 36758 | Shoals:3 | Killed Louise
 36884 | Shoals:3 | Found Cahuk's Gadget Emporium.
 36885 | Shoals:3 | Reached skill level 18 in Armour
 36937 | Shoals:3 | Found Muti's Weapon Emporium.
 37199 | Shoals:4 | Entered Level 4 of the Shoals
 37665 | Shoals:4 | Noticed Ilsuiw
 37699 | Shoals:4 | Reached XP level 19. HP: 99/179 MP: 22/22
 37863 | Shoals:4 | Received a gift from Okawaru
 37864 | Shoals:4 | Got a pitted dagger {god gift}
 37982 | Shoals:4 | Killed Ilsuiw
 38019 | Shoals:4 | Got a polished mace
 38366 | Shoals:4 | Got a heavily runed chain mail
 38377 | Shoals:4 | Identified the cursed +1 chain mail "Sec Ceto" {+Blink rElec Int-4} (You found it on level 4 of the Shoals)
 38773 | Shoals:4 | Got a barnacled rune of Zot
 39148 | Vaults:1 | Entered Level 1 of the Vaults
 39203 | Vaults:1 | Received a gift from Okawaru
 39313 | Vaults:1 | Gained mutation: You evolve. [mutagenic meat]
 39314 | Vaults:1 | Lost mutation: Your body sometimes deteriorates upon taking damage. [mutagenic meat]
 39315 | Vaults:1 | Gained mutation: Your spells are harder to cast, but more powerful. [mutagenic meat]
 39316 | Vaults:1 | Gained mutation: You have supernaturally acute eyesight. [mutagenic meat]
 39317 | Vaults:1 | Lost mutation: You are partially covered in icy blue scales (AC +1). [mutagenic meat]
 39318 | Vaults:1 | Gained mutation: You are partially covered in large bone plates (AC +2, SH +2). [mutagenic meat]
 39319 | Vaults:1 | Gained mutation: Your muscles are strong. (Str +2) [mutagenic meat]
 39320 | Vaults:1 | Lost mutation: You evolve. [mutagenic meat]
 39321 | Vaults:1 | Lost mutation: You have supernaturally acute eyesight. [mutagenic meat]
 39323 | Vaults:1 | Gained mutation: You are covered in fur (AC +1). [mutagenic meat]
 39502 | Vaults:1 | Gained mutation: You are somewhat resistant to further mutation. [mutagenic meat]
 40078 | Vaults:1 | Identified the Volume of Necromancy and the Escort
 40248 | Vaults:1 | Reached skill level 19 in Armour
 40404 | Vaults:1 | Identified the +7 mace "Impbane" {crush, *Rage rN+ Str+5} (You found it on level 4 of the Shoals)
 40865 | Vaults:2 | Received a gift from Okawaru
 40896 | Vaults:2 | Got a pair of warped boots
 40907 | Vaults:2 | Identified the +1 pair of boots of Fucy {rN+ Str+5 Dex-4} (You found it on level 2 of the Vaults)
 41172 | Vaults:2 | Reached XP level 20. HP: 189/189 MP: 23/23
 41253 | Vaults:2 | Identified Sif Muna's Disquisition on Twisted Combat Magic
 41875 | Vaults:3 | Found a flickering gateway to a bazaar.
 41942 | Bazaar   | Entered a bazaar
 41946 | Bazaar   | Found Peprish's Jewellery Boutique.
 41964 | Bazaar   | Found Huironin's Magic Scroll Emporium.
 41981 | Bazaar   | Found Lorphigh's Book Boutique.
 41998 | Bazaar   | Found Qaewnion's Antique Armour Shoppe.
 42003 | Bazaar   | Bought a pair of embroidered gloves for 76 gold pieces
 42031 | Bazaar   | Bought the amulet "Daykk" {Dismiss rElec rN+ Dex+5} for 880 gold pieces
 42108 | Vaults:3 | Received a gift from Okawaru
 42115 | Vaults:3 | Got a crystal great mace {god gift}
 42136 | Vaults:3 | Identified the +6 great mace "Xyicec" {freeze, +Fly rF+++ Str-5 Dex-3} (Okawaru gifted it to you on level 3 of the Vaults)
 42620 | Vaults:3 | Received a gift from Okawaru
 42802 | Vaults:3 | Found a staircase to the Crypt.
 42802 | Vaults:3 | Found an ancient bone altar of Kikubaaqudgha.
 42803 | Vaults:3 | Found a basalt altar of Yredelemnul.
 43975 | Vaults:4 | Reached XP level 21. HP: 184/200 MP: 24/24
 44086 | Vaults:4 | Reached skill level 20 in Armour
 44194 | Vaults:4 | Received a gift from Okawaru
 44784 | Vaults:5 | Entered Level 5 of the Vaults
 44864 | Vaults:4 | Received a gift from Okawaru
 45231 | Vaults:5 | Noticed a large abomination
 45244 | Vaults:5 | Noticed an ancient lich
 45278 | Vaults:4 | Received a gift from Okawaru
 45303 | Vaults:4 | Got an encrusted dire flail {god gift}
 45304 | Vaults:4 | Identified the +6 dire flail of a ziggurat {flame, *Contam Int+10 Dex+2 Stlth+} (Okawaru gifted it to you on level 4 of the Vaults)
 45355 | Vaults:5 | Reached XP level 22. HP: 165/211 MP: 25/25
 45625 | Vaults:4 | Killed a large abomination
 45736 | Vaults:5 | Received a gift from Okawaru
 45775 | Vaults:5 | Reached skill level 21 in Armour
 45859 | Vaults:5 | Got a pair of slimy gloves {god gift}
 45899 | Vaults:4 | Identified the +0 pair of gloves of Distant Shores {+Fly Str+4} (Okawaru gifted it to you on level 5 of the Vaults)
 45980 | Vaults:4 | Killed an ancient lich
 46192 | Vaults:5 | Got a transparent granite ring
 46261 | Vaults:4 | Identified the ring "Zigocef" {rF+ Slay+2 Stlth+} (You took it off a frost giant on level 5 of the Vaults)
 46597 | Vaults:5 | Got a silver rune of Zot
 47387 | Depths:1 | Entered Level 1 of the Depths
 47417 | Depths:1 | Found a portal to a secret trove of treasure.
 47417 | Depths:1 | Noticed Sojobo
 47445 | Depths:1 | Killed Sojobo
 48249 | Depths:1 | You paid a toll of a +3 fire dragon armour to enter a treasure trove
 48250 | Trove    | Entered a treasure trove
 48269 | Trove    | Got a glittering iron amulet
 48346 | Trove    | Identified the amulet of Giskeah {Gourm rElec rF- rC+ SInv} (You found it in a treasure trove)
 48545 | Depths:1 | Paralysed by an ogre mage for 4 turns
 48601 | Depths:1 | Received a gift from Okawaru
 48619 | Depths:1 | Got a crude plate armour {god gift}
 48620 | Depths:1 | Identified the +1 plate armour "Pehuuts" {Int+6 Dex-3} (Okawaru gifted it to you on level 1 of the Depths)
 48642 | Depths:1 | Found a gateway to Hell.
 49091 | Depths:1 | Reached XP level 23. HP: 218/221 MP: 26/26
 50122 | Depths:3 | Found a one-way gate leading to the halls of Pandemonium.
 50653 | Depths:3 | Received a gift from Okawaru
 50809 | Depths:2 | Noticed an ancient lich
 50817 | Depths:2 | Killed an ancient lich
 51132 | Depths:2 | Reached skill level 22 in Armour
 51615 | Depths:2 | Paralysed by a giant eyeball for 3 turns
 52915 | Depths:4 | Found a magical portal.
 52920 | WizLab   | Entered The Chambers of Mill the Cloud Mage
 53299 | WizLab   | Reached XP level 24. HP: 229/229 MP: 26/26
 53382 | WizLab   | Identified the Almanac of Excruciating Weightlessness (You found it in a wizard's laboratory)
 53387 | WizLab   | Identified Sif Muna's Guide on Excruciating Weightlessness (You found it in a wizard's laboratory)
 53597 | Depths:4 | Received a gift from Okawaru
 53640 | Depths:4 | Found a one-way gate to the infinite horrors of the Abyss.
 53794 | Depths:4 | Noticed Frederick
 53818 | Depths:4 | Killed Frederick
 54001 | Depths:4 | Found Dedani's Assorted Antiques.
 54006 | Depths:4 | Bought a potion of heal wounds for 170 gold pieces
 54236 | Depths:4 | Got a bound glass ring
 54241 | Depths:4 | Identified the ring of Tuluub {AC+3 Str+2 Int+5 Dex+2} (You found it on level 4 of the Depths)
 54300 | Depths:4 | Found Tyturokh's Jewellery Shop.
 54509 | Depths:4 | Received a gift from Okawaru
 54606 | Depths:4 | Identified a +0 pair of boots of running (Okawaru gifted it to you on level 4 of the Depths)
 54741 | Depths:5 | Entered Level 5 of the Depths
 55090 | Depths:5 | Found a gate to the Realm of Zot.
 55227 | Depths:5 | Found a gateway to a ziggurat.
 55779 | Depths:5 | Got a wavering marble ring
 55780 | Depths:5 | Identified the ring "Daril" {-Tele rElec Str+4 Dex+4} (You found it on level 5 of the Depths)
 55962 | Depths:5 | Upgraded the game from 0.18-a0-853-gfe32976 to 0.18-a0-881-g990e6c6
 56257 | Elf:1    | Entered Level 1 of the Elven Halls
 56333 | Elf:1    | Got a slimy buckler
 56377 | Elf:1    | Identified the +3 buckler of Came {+Inv Str+7 Int+5} (You found it on level 1 of the Elven Halls)
 56507 | Elf:1    | Received a gift from Okawaru
 56582 | Elf:1    | Reached XP level 25. HP: 232/238 MP: 28/28
 56665 | Elf:1    | Got a coiled lead amulet
 56702 | Elf:1    | Reached skill level 23 in Shields
 57121 | Elf:2    | Identified the amulet of Dikorph {Dismiss Str+4} (You found it on level 1 of the Elven Halls)
 57302 | Elf:2    | Found a runed gate.
 57302 | Elf:2    | Found a runed gate.
 57303 | Elf:2    | Found a runed gate.
 58051 | Elf:3    | Entered Level 3 of the Elven Halls
 58563 | Elf:3    | Received a gift from Okawaru
 58721 | Elf:3    | Found Gepp's Food Emporium.
 59295 | Elf:3    | Identified the Incunabulum of the Mountains
 59298 | Elf:3    | Got a faintly glowing mace {crush}
 59301 | Elf:3    | Identified the +3 mace "Fupsarhu" {crush, Int+2} (You took it off a deep elf elementalist on level 3 of the Elven Halls)
 59338 | Elf:3    | Got a brightly glowing flail {holy}
 59340 | Elf:3    | Identified the +3 flail of Animal Spirits {holy, rF+ Dex+6} (You took it off a deep elf annihilator on level 3 of the Elven Halls)
 59522 | Elf:3    | Identified Sif Muna's Almanac of Heat and Combat Magic
 59963 | Zig:1    | Entered Level 1 of a ziggurat
 59986 | Zig:2    | Entered Level 2 of a ziggurat
 60019 | Zig:3    | Entered Level 3 of a ziggurat
 60076 | Zig:4    | Entered Level 4 of a ziggurat
 60113 | Zig:4    | Got a wavering turquoise ring
 60128 | Zig:4    | Got a dazzling shield
 60139 | Zig:4    | Identified the +2 shield of Omot {rC+ Int+3 Dex-4} (You acquired it on level 4 of a ziggurat)
 60175 | Zig:5    | Entered Level 5 of a ziggurat
 60208 | Zig:5    | Identified the Catalogue of Unholy Hexes
 60222 | Zig:5    | Identified the ring "Gaonkiut" {rF+ Str+4 Dex+4} (You found it on level 4 of a ziggurat)
 60283 | Zig:6    | Entered Level 6 of a ziggurat
 60323 | Zig:6    | Received a gift from Okawaru
 60323 | Zig:6    | Reached skill level 10 in Invocations
 60452 | Zig:6    | Got a smoking crystal amulet
 60455 | Zig:6    | Identified the amulet of Free Expression {+Rage Str+8 Dex+7 Slay-3} (You found it on level 6 of a ziggurat)
 60480 | Zig:7    | Entered Level 7 of a ziggurat
 60608 | Zig:8    | Entered Level 8 of a ziggurat
 60620 | Zig:8    | Noticed Bupa the pandemonium lord
 60633 | Zig:8    | Killed Bupa the pandemonium lord
 60637 | Zig:9    | Entered Level 9 of a ziggurat
 61052 | Zig:9    | Identified the Grimoire of Cold
 61081 | Zig:10   | Entered Level 10 of a ziggurat
 61128 | Zig:10   | Reached XP level 26. HP: 84/249 MP: 24/29
 61540 | Zig:11   | Entered Level 11 of a ziggurat
 61683 | Zig:11   | Got a polished mace
 61684 | Zig:11   | Identified the cursed +2 mace of Rowo {pain, rC+} (You found it on level 11 of a ziggurat)
 61687 | Zig:11   | Identified Sif Muna's Handbook of Companions and Air
 61701 | Zig:12   | Entered Level 12 of a ziggurat
 61731 | Zig:12   | Noticed Nagics the pandemonium lord
 61732 | Zig:12   | Noticed Cufioris the pandemonium lord
 61734 | Zig:12   | Noticed Juixalit the pandemonium lord
 61738 | Zig:12   | Noticed Jixigaza the pandemonium lord
 61753 | Zig:12   | Noticed Berommup the pandemonium lord
 61768 | Zig:12   | Killed Cufioris the pandemonium lord
 61787 | Zig:13   | Entered Level 13 of a ziggurat
 61993 | Zig:13   | Reached skill level 24 in Armour
 61993 | Zig:13   | Reached XP level 27. HP: 256/258 MP: 30/30
 61998 | Zig:13   | Got a fine amethyst amulet
 62000 | Zig:13   | Identified the amulet of Lady Luck {Inacc Str+4} (You found it on level 13 of a ziggurat)
 62023 | Zig:14   | Entered Level 14 of a ziggurat
 62741 | D:4      | Noticed Natasha
 62743 | D:4      | Fell from the grace of Okawaru
 62743 | D:4      | Became a worshipper of the Shining One
 62751 | D:4      | Killed Natasha
 63106 | Crypt:1  | Entered Level 1 of the Crypt
 63163 | Crypt:1  | Reached * piety under the Shining One
 63237 | Crypt:1  | Reached ** piety under the Shining One
 63379 | Crypt:1  | Reached *** piety under the Shining One
 63509 | Crypt:1  | Reached **** piety under the Shining One
 64365 | Crypt:2  | Reached ***** piety under the Shining One
 65003 | Crypt:3  | Entered Level 3 of the Crypt
 65050 | Crypt:3  | Found a staircase to the Tomb.
 65070 | Crypt:3  | Reached ****** piety under the Shining One
 65119 | Crypt:3  | Noticed an ancient lich
 65131 | Crypt:3  | Killed an ancient lich
 65361 | Crypt:3  | Got a sparkling brass ring
 65372 | Crypt:3  | Identified the ring of Reih {+Blink rN+ MR+ Int+2 Stlth-} (You found it on level 3 of the Crypt)
 65491 | Crypt:3  | Noticed an ancient lich
 65500 | Crypt:3  | Killed an ancient lich
 66174 | Crypt:3  | Got a pair of transparent gloves
 66201 | Crypt:3  | Identified the cursed +0 pair of gloves "Sothrod" {Int+2 Dex+4} (You found it on level 3 of the Crypt)
 66372 | Tomb:1   | Entered Level 1 of the Tomb of the Ancients
 67252 | Tomb:2   | Noticed Mennas
 67678 | Tomb:1   | Killed Mennas
 68613 | Tomb:2   | Reached skill level 25 in Armour
 68996 | Tomb:1   | Was forgiven by Okawaru
 70419 | Tomb:2   | Lost intelligence.
 70823 | Tomb:3   | Entered Level 3 of the Tomb of the Ancients
 71152 | Tomb:3   | Noticed Khufu
 71501 | Tomb:2   | Killed Khufu
 72800 | Tomb:3   | Reached skill level 26 in Armour
 73405 | Tomb:3   | Got a faintly humming hat
 73448 | Tomb:3   | Identified Vawaifego's Almanac of Moulding
 73460 | Tomb:3   | Identified the +0 hat of the Bells {rN+++} (You found it on level 3 of the Tomb of the Ancients)
 73476 | Tomb:3   | Got a slimy morningstar
 73477 | Tomb:3   | Identified the cursed +1 morningstar "Qera" {flame, *Confuse rN+++ Dex-3 SInv} (You found it on level 3 of the Tomb of the Ancients)
 73597 | Tomb:3   | Got a golden rune of Zot
 73770 | Tomb:3   | Identified the Collected Works on the Dusty Voyage
 74635 | Depths:4 | Bought a scroll of enchant armour for 255 gold pieces
 75049 | Slime:1  | Entered Level 1 of the Pits of Slime
 75057 | Slime:1  | Gained mutation: Scrolls take you a little longer to read. [a shining eye]
 75063 | Slime:1  | Gained mutation: You regenerate slowly when monsters are visible. [a shining eye]
 75070 | Slime:1  | Lost mutation: You are partially covered in large bone plates (AC +2, SH +2). [a shining eye]
 75090 | Slime:1  | The Shining One protects you from harm!
 75093 | Slime:1  | Splashed with acid

Vault maps used:
D:1:      lightli_arrival_flooded_house
D:2:      old_standard_altar, solitary_fountain
D:3:      grunt_pakellas_salt, lemuel_crystal_altar, first_bread
D:4:      tso_metal_star, nicolae_dithmenos_shadow_blocks, temple_hall,
          uniq_pikel, uniq_duvessa, uniq_natasha
D:5:      serial_shops, nicolae_shop_window_shopping, minmay_misc_feat_square
D:6:      elyvilon_altar_5, okawaru_gym_becter, lemuel_coloured_pillars_altar,
          nicolae_overflow_crystal_walls, uniq_prince_ribbit1
D:7:      the_bakery
D:8:      makhleb_altar_promises_db, uniq_erolcha, uniq_psyche
D:9:      cheibriados_altar_1, kennysheep_little_box,
          grunt_lair_entry_orc_guard_hut, moated_statue,
          fedhas_altar_decomposition, uniq_erica, uniq_grum
D:11:     hangedman_cross_cluster, lightli_airlock, uniq_harold, uniq_maud
D:12:     zombieorc1_lemuel, uniq_nergalle
D:13:     erik_vaults_2, minivault_8
D:14:     basic_altar, grunt_decor_arrowhead, nicolae_ru_the_path_less_chosen
D:15:     gammafunk_enter_depths_forms, small_statue_intersection, basic_altar,
          serial_shops, shop, uniq_agnes, uniq_nessos, uniq_roxanne
Temple:   minmay_temple_bridge_a_8
Lair:1:   nicolae_volcano_entry_two_sided, lemuel_fruit_tree
Lair:2:   eino_house_with_fridge
Lair:3:   minmay_snake_entry_guardpost_small, st_stairs_8
Lair:4:   minmay_shoals_entry_hut, grunt_megastairs_4
Lair:6:   dpeg_slime_entry_enclosed_altar, portal_ice_cave_entry_ice_beasts
Lair:7:   basic_altar
Lair:8:   guppyfry_lair_end_dragon, uniq_josephine
Shoals:1: nicolae_shoals_island_circles, uniq_kirke
Shoals:3: serial_shops, shop_coins, shop, shop, nicolae_shop_statue_plus,
          uniq_polyphemus, uniq_louise
Shoals:4: shoals_end_grunt_ice, shoal_ilsuiw
Snake:2:  uniq_aizul
Snake:3:  basic_altar, spider_trap, statue_in_the_mist_lemuel
Snake:4:  grunt_snake_rune_pools, basic_altar, st_stairs_12, uniq_norris
Orc:1:    basic_altar
Orc:2:    grunt_orc_community_town_hall, grunt_orc_community_big_house_2,
          grunt_orc_community_big_house_1, grunt_orc_community_house_1,
          grunt_orc_community_house_1, grunt_orc_community_house_1,
          grunt_orc_community_house_1, basic_altar, serial_shops, freezing_bzr,
          lightli_orcish_oven
Elf:1:    eino_elf_arrival_the_gate, hangedman_corner_corridor
Elf:2:    small_statue_intersection
Elf:3:    minmay_elf_hall_quartered_circle, serial_shops, shop,
          nicolae_elf_glass_and_crystal_pillar_1, serial_sigils_hangedman_carve
Vaults:1: v_misc_29, nicolae_vaults_what_the_h, hangedman_vaults_capsules,
          v_alt_pattern_1, nicolae_vaults_big_ls, nicolae_vaults_gold_heap,
          vaults_room_pools
Vaults:2: nicolae_vaults_display_case, hangedman_vaults_nodes, v_misc_19,
          vaults_mumra_hex, v_pattern_1, nicolae_vaults_asterisk,
          nicolae_vaults_three_branches, hangedman_vaults_nails,
          vaults_room_fours
Vaults:3: vaults_room_hallway, vaults_mumra_chevron, st_greater_box_3,
          serial_ice_g, hangedman_vaults_restitches, v_misc_15,
          minmay_crypt_entry_necro_gods, v_misc_19,
          nicolae_vaults_little_squares_6, grunt_vaults_diagonal,
          nicolae_vaults_stairing_the_circle, nicolae_vaults_big_angled_halls,
          nicolae_vaults_mini_display_case, serial_shops, bzr_entry_water
Vaults:4: v_misc_2, ontoclasm_vaults_shout, hangedman_vaults_pinch,
          hangedman_vaults_unwind, hangedman_vaults_snaps, v_misc_27,
          hangedman_vaults_stagger, vaults_mumra_lcd,
          grunt_vaults_hallway_short, hangedman_vaults_impose
Vaults:5: serial_shops
Crypt:2:  grunt_megastairs_1
Crypt:3:  due_elkab
Tomb:2:   uniq_mennas
Depths:1: hell_entry, hangedman_decor_lopped, nicolae_trove_entry_diagonal,
          kennysheep_generic_room_15, roderic_lattice_octagonal_star,
          serial_bayou_shore_b, uniq_sojobo
Depths:2: lemuel_river_lethe, hell_entry
Depths:3: hangedman_screamer, serial_co_window_serial, co_window_paths_b,
          co_window_paths_b, co_window_paths_a, co_window_of_opportunity_a,
          co_window_of_opportunity_a, co_window_paths_a, co_window_paths_a,
          co_window_corner_cb, co_window_2corner, co_window_corner_b,
          co_window_2corner, glass_columns_a, glass_columns_c, glass_columns_b,
          glass_columns_a, hell_entry, pan_entry, basic_stair_grate_trap
Depths:4: minmay_cut_squares, abyss_entry, hangedman_decor_peaks_small,
          hell_entry, mu_enter_wizlab_2, serial_shops,
          nicolae_shop_overgrown_old_shop, kennysheep_mini,
          grunt_pan_entry_in_and_out, infiniplex_staircase_pillars_3a,
          uniq_frederick
Depths:5: grunt_x_marks_the_spot, enter_ziggurat_a, minmay_fountain_box,
          hellmouth_1, grunt_ministairs_6, minmay_orc_keep
Zig:6:    ziggurat_pillar_centre_oklobs
Zig:7:    ziggurat_loot_3
Zig:14:   ziggurat_pillar_centre_smoke
Bazaar:   bazaar_kb_twisted_cavern, bazaar_jpeg_circle_common
Trove:    trove_garden
IceCv:    ice_cave_caverns_03
Volcano:  volcano_grotto
WizLab:   wizlab_cloud

Action                   |  1- 3 |  4- 6 |  7- 9 | 10-12 | 13-15 | 16-18 | 19-21 | 22-24 | 25-27 || total
-------------------------+-------+-------+-------+-------+-------+-------+-------+-------+-------++-------
Melee: Flail             |    86 |    90 |       |       |       |       |       |       |       ||   176
       Whip              |       |       |   339 |   712 |       |       |       |       |       ||  1051
       Scimitar          |       |       |       |     3 |       |       |       |       |       ||     3
       Great mace        |       |       |       |   119 |       |       |       |       |       ||   119
       Eveningstar       |       |       |       |       |   446 |       |       |       |  1462 ||  1908
       Morningstar       |       |       |       |       |   895 |  1226 |       |       |       ||  2121
       Demon whip        |       |       |       |       |       |   997 |  2275 |  2829 |  1130 ||  7231
       Unarmed           |       |       |       |       |       |     8 |       |       |       ||     8
       Dire flail        |       |       |       |       |       |       |       |       |   168 ||   168
Invok: Heroism           |       |       |     1 |     9 |     8 |     9 |     6 |     7 |     4 ||    44
       Finesse           |       |       |       |     1 |     1 |     2 |     1 |     4 |     3 ||    12
       Divine Shield     |       |       |       |       |       |       |       |       |    13 ||    13
       Summon Divine War |       |       |       |       |       |       |       |       |     2 ||     2
 Abil: Evoke Flight      |       |       |       |       |       |       |       |     8 |       ||     8
Evoke: Wand              |       |       |       |     1 |       |     5 |     2 |     9 |     1 ||    18
  Use: Scroll            |       |       |     6 |     8 |    20 |    32 |    10 |    24 |    32 ||   132
       Potion            |       |       |       |     4 |       |     2 |       |     1 |     4 ||    11
 Stab: Distracted        |       |       |       |     1 |       |       |       |       |       ||     1
       Held in net/web   |       |       |       |       |       |     2 |       |       |       ||     2
  Eat: Chunk             |     1 |     3 |     4 |    26 |    57 |    40 |    30 |    26 |    10 ||   197
       Bread ration      |       |       |     2 |       |       |     5 |     2 |     2 |     8 ||    19
       Beef jerky        |       |       |       |     1 |     1 |     3 |       |     3 |     5 ||    13
       Meat ration       |       |       |       |     1 |     1 |     3 |       |       |       ||     5
       Royal jelly       |       |       |       |       |     1 |       |     1 |       |     6 ||     8
       Pizza             |       |       |       |       |     1 |       |       |       |     2 ||     3
       Fruit             |       |       |       |       |       |       |       |       |     1 ||     1
